 Dungeon Crawl Stone Soup version 0.26.1-11-gd32895ea62 (webtiles) character file.

Game seed: 11005179774085910928

11597 MisterFreud the Grappler (level 11, -4/102 HPs)
             Began as a Troll Monk on May 16, 2021.
             Slain by a boulder beetle (16 damage)
             ... on level 11 of the Dungeon.
             The game lasted 00:12:44 (9916 turns).

MisterFreud the Grappler (Troll Monk)               Turns: 9916, Time: 00:12:45

Health: -4/102     AC: 13    Str: 21    XL:     11   Next: 51%
Magic:  10/10      EV: 13    Int:  6    God:
Gold:   567        SH:  0    Dex: 15    Spells: 10/10 levels left

rFire    . . .     SeeInvis .     - Unarmed
rCold    + . .     Faith    .   (no shield)
rNeg     . . .     Spirit   .   I - +1 robe {rC+}
rPois    .         Reflect  .   (helmet restricted)
rElec    .         Harm     .   A - +1 cloak
rCorr    +         Rampage  .   (gloves unavailable)
Will     .....                  (boots unavailable)
Stlth    ++........             (no amulet)
HPRegen  0.67/turn              e - +4 ring of protection
MPRegen  0.12/turn              w - ring of resist corrosion

@: no status effects
A: large, unfitting armour, claws 3, regeneration 1, shaggy fur 1, tough skin 3
a: no special abilities


You were on level 11 of the Dungeon.
You visited 3 branches of the dungeon, and saw 14 of its levels.

You collected 616 gold pieces.
You spent 49 gold pieces at shops.

Inventory:

Missiles
 u - 6 boomerangs
 z - 7 silver boomerangs (quivered)
Armour
 A - a +1 cloak (worn)
 I - a +1 robe of cold resistance (worn)
Jewellery
 e - a +4 ring of protection (left claw)
 l - an uncursed ring of stealth
 v - an uncursed ring of ice
 w - a ring of resist corrosion (right claw)
Wands
 x - a wand of iceblast (24)
 D - a wand of enslavement (8)
 E - a wand of paralysis (19)
 F - a wand of disintegration (22)
Scrolls
 c - 3 scrolls of fog
 d - 3 scrolls of identify
 h - 5 scrolls of amnesia
 j - 4 scrolls of remove curse
 m - 8 scrolls of teleportation
 n - a scroll of enchant armour
 o - 2 scrolls of fear
 q - 3 scrolls of immolation
 r - a scroll of blinking
 y - 3 scrolls of magic mapping
 B - 2 scrolls of enchant weapon
 C - a scroll of torment
Potions
 a - 2 potions of magic
 b - 3 potions of heal wounds
 f - 5 potions of curing
 g - 5 potions of flight
 i - 3 potions of attraction
 k - 3 potions of resistance
 p - 4 potions of mutation
 s - a potion of ambrosia
 G - 2 potions of lignification
 H - a potion of might
Miscellaneous
 t - a condenser vane


   Skills:
 - Level 5.0 Fighting
 - Level 8.0 Throwing
 + Level 5.6 Dodging
 - Level 1.0 Stealth
 - Level 12.0 Unarmed Combat
 - Level 6.0 Evocations


You had 10 spell levels left.
You didn't know any spells.
Your spell library contained the following spells:

 Spells                   Type           Power        Failure   Level
 Magic Dart               Conj           0%           45%         1
 Blink                    Tloc           N/A          58%         2
 Call Imp                 Summ           0%           58%         2
 Slow                     Hex            0%           58%         2
 Confusing Touch          Hex            0%           83%         3
 Conjure Flame            Conj/Fire      0%           83%         3
 Gell's Gravitas          Tloc           0%           83%         3
 Mephitic Cloud           Conj/Pois/Air  0%           83%         3
 Cause Fear               Hex            0%           99%         4
 Petrify                  Tmut/Erth      0%           99%         4
 Metabolic Englaciation   Hex/Ice        0%           100%        5
 Silence                  Hex/Air        0%           100%        5
 Yara's Violent Unravell  Hex/Tmut       0%           100%        5
 Discord                  Hex            0%           100%        8


Dungeon Overview and Level Annotations

Branches:
Dungeon (12/15)            Temple (1/1) D:6            Lair (1/6) D:9
    Orc (0/2) D:9

Altars:
Ashenzari
Dithmenos
Elyvilon
Fedhas
Gozag
Hepliaklqana
Kikubaaqudgha
Makhleb
Nemelex Xobeh
Okawaru
Ru
Sif Muna
Vehumet
Xom
Yredelemnul
Zin

Shops:
D:6 [   D:7 (   D:8 ?[:

Annotations:
D:11 Josephine
D:12 1 runed translucent door


Innate Abilities, Weirdness & Mutations

You are too large for most types of armour.
You have claws for hands.
Your natural rate of healing is unusually fast.
You are covered in fur. (AC +1)
You have extremely tough skin. (AC +3)


Message History

You claw the boulder beetle, but do no damage.
The boulder beetle is severely wounded.
The boulder beetle barely misses you.
You scratch the boulder beetle.
The boulder beetle is severely wounded.
You barely miss the boulder beetle.
The boulder beetle is severely wounded.
A centaur comes into view. It is wielding a +0 flail.
The boulder beetle closely misses you.
You scratch the boulder beetle but do no damage.
The boulder beetle is severely wounded.
The centaur unwields a +0 flail.
The centaur wields a +0 shortbow.
The centaur shoots an arrow.
The arrow hits you. The boulder beetle bites you!!
* * * LOW HITPOINT WARNING * * *
You claw the boulder beetle!
You claw the boulder beetle, but do no damage.
The boulder beetle is almost dead.
The centaur shoots an arrow.
The arrow hits you but does no damage. The boulder beetle bites you!
You die...

.... .
... ...
.. #.
##.####
#.....#
#..@B.#
#.....#
#.....#
#.....#
#......
#.....#
#.......
##..^.c
#.....#
#######
##>....#
#......#
#....>.#


You could see a boulder beetle and a centaur.

Vanquished Creatures
  Fannar (D:10)
  A hydra (D:12)
  A two-headed ogre (D:10)
  Pikel (D:5)
  A manticore (D:12)
  2 ugly things
  A centaur zombie (D:12)
  Joseph (D:7)
  2 komodo dragons
  A troll (D:10)
  13 yaks
  Eustachio (D:4)
  Menkaure (D:5)
  Duvessa (D:7)
  4 water moccasins
  4 orc warriors
  A sky beast (D:5)
  An ice beast (D:9)
  6 ogres
  A necrophage (D:10)
  2 phantoms
  4 centaurs
  7 bullfrogs
  A big kobold (D:10)
  Dowan (D:7)
  3 scorpions
  4 howler monkeys
  4 wights (D:7)
  2 hounds
  2 bullfrog zombies
  A jelly (D:10)
  2 orc priests
  Crazy Yiuf (D:5)
  2 centaur skeletons
  Jessica (D:2)
  2 bullfrog skeletons (D:7)
  4 iguanas
  7 orc wizards
  Natasha (D:2)
  6 worker ants
  Robin (D:3)
  A howler monkey zombie (D:6)
  A worker ant zombie (D:7)
  A howler monkey skeleton (D:9)
  14 adders
  4 white imps
  3 ufetubi
  An adder zombie (D:9)
  2 worms
  2 dart slugs (D:3)
  4 leopard geckos
  25 orcs
  2 ball pythons
  8 giant cockroaches
  12 goblins
  6 hobgoblins
  5 jackals
  5 quokkas
  5 bats
  3 frilled lizards
  4 kobolds
  A leopard gecko skeleton (D:5)
  7 rats
219 creatures vanquished.

Vanquished Creatures (others)
  An adder (D:10)
1 creature vanquished.

Grand Total: 220 creatures vanquished

Notes
Turn   | Place    | Note
-------+----------+-------------------------------------------
     0 | D:1      | MisterFreud the Troll Monk began the quest for the Orb.
     0 | D:1      | Reached XP level 1. HP: 22/22 MP: 0/0
   160 | D:1      | Reached XP level 2. HP: 29/29 MP: 1/1
   384 | D:2      | Reached skill level 4 in Unarmed Combat
   396 | D:2      | Found an iron altar of Okawaru.
   490 | D:2      | Reached XP level 3. HP: 35/36 MP: 2/2
   625 | D:2      | Noticed Natasha
   628 | D:2      | Killed Natasha
   653 | D:2      | Noticed Jessica
   664 | D:2      | Killed Jessica
   665 | D:2      | Reached skill level 5 in Unarmed Combat
   665 | D:2      | Reached XP level 4. HP: 32/44 MP: 3/3
  1286 | D:3      | Found a burning altar of Makhleb.
  1310 | D:3      | Found a basalt altar of Yredelemnul.
  1397 | D:3      | Noticed Robin
  1428 | D:3      | Killed Robin
  1429 | D:3      | Reached XP level 5. HP: 50/50 MP: 4/4
  1976 | D:4      | Noticed an ogre
  1985 | D:4      | Killed an ogre
  1986 | D:4      | Reached skill level 6 in Unarmed Combat
  1989 | D:4      | Reached XP level 6. HP: 41/59 MP: 5/5
  2054 | D:4      | Reached skill level 7 in Unarmed Combat
  2428 | D:4      | Found a hazy altar of Hepliaklqana.
  2935 | D:5      | Entered Level 5 of the Dungeon
  2939 | D:5      | Noticed Pikel
  2939 | D:5      | Noticed Eustachio
  2950 | D:5      | Killed Pikel
  2951 | D:5      | Reached skill level 8 in Unarmed Combat
  2951 | D:5      | Reached XP level 7. HP: 48/66 MP: 6/6
  2962 | D:4      | Killed Eustachio
  2963 | D:4      | Reached XP level 8. HP: 60/74 MP: 7/7
  3066 | D:5      | Noticed Menkaure
  3072 | D:5      | Killed Menkaure
  3152 | D:5      | Reached skill level 5 in Dodging
  3229 | D:5      | Found a runed translucent door.
  3230 | D:5      | Noticed Crazy Yiuf
  3414 | D:5      | You fall into a shaft and drop 2 floors!
  3415 | D:7      | Noticed Joseph
  3835 | D:5      | Reached skill level 5 in Throwing
  3972 | D:5      | Killed Crazy Yiuf
  4233 | D:6      | Found Kolulas's Armour Boutique.
  4392 | D:6      | Reached skill level 9 in Unarmed Combat
  4469 | D:6      | Found an opulent altar of Gozag.
  4498 | D:6      | Found a staircase to the Ecumenical Temple.
  4516 | D:6      | Reached XP level 9. HP: 79/80 MP: 8/8
  4520 | Temple   | Entered the Ecumenical Temple
  4762 | D:7      | Killed Joseph
  4890 | D:7      | Noticed Dowan
  4890 | D:7      | Noticed Duvessa
  4932 | D:7      | Reached skill level 10 in Unarmed Combat
  4937 | D:7      | Killed Duvessa
  5035 | D:7      | Killed Dowan
  5123 | D:7      | Found Luuv's Weapon Shoppe.
  5331 | D:7      | Found a blossoming altar of Fedhas.
  5332 | D:7      | Found an ancient bone altar of Kikubaaqudgha.
  5680 | D:8      | Found a radiant altar of Vehumet.
  5680 | D:8      | Found a broken altar of Ashenzari.
  5755 | D:8      | Found Otsuos's Armour Shoppe.
  5795 | D:8      | Found Viodal's Magic Scroll Boutique.
  5798 | D:8      | Bought a scroll of magic mapping for 49 gold pieces
  5871 | D:9      | Reached XP level 10. HP: 88/88 MP: 9/9
  5910 | D:9      | Found a staircase to the Lair.
  5977 | D:9      | Found a staircase to the Orcish Mines.
  6105 | D:8      | Found Qettuh's Book Emporium.
  6127 | D:8      | Reached skill level 11 in Unarmed Combat
  6189 | D:8      | Found a glowing silver altar of Zin.
  6436 | D:9      | Found an iron altar of Okawaru.
  6787 | D:9      | Found a sparkling altar of Nemelex Xobeh.
  6788 | D:9      | Found a shadowy altar of Dithmenos.
  6987 | D:9      | Found a white marble altar of Elyvilon.
  7214 | Lair:1   | Entered Level 1 of the Lair of Beasts
  7443 | D:10     | Entered Level 10 of the Dungeon
  7465 | D:9      | Reached skill level 12 in Unarmed Combat
  7512 | D:10     | Noticed a two-headed ogre
  7520 | D:10     | Killed a two-headed ogre
  7521 | D:10     | Reached skill level 1 in Evocations
  7950 | D:10     | Noticed a white ugly thing
  7970 | D:10     | Killed a white ugly thing
  8533 | D:10     | Reached XP level 11. HP: 101/101 MP: 10/10
  8728 | D:11     | Noticed Fannar
  8750 | D:10     | HP: 4/151 [Fannar/bolt of cold (23)]
  8753 | D:10     | Killed Fannar
  8754 | D:10     | Reached skill level 5 in Fighting
  8757 | D:10     | HP: 4/102 [poisoned by an adder]
  8961 | D:11     | Noticed Josephine
  9032 | D:12     | Found a sacrificial altar of Ru.
  9044 | D:12     | Found a runed translucent door.
  9047 | D:12     | Noticed a rakshasa
  9093 | D:12     | Noticed a cyan ugly thing
  9099 | D:12     | Killed a cyan ugly thing
  9100 | D:12     | Reached skill level 5 in Evocations
  9506 | D:12     | Found a gate leading to a gauntlet.
  9506 | D:12     | Noticed a six-headed hydra
  9517 | D:12     | Killed a six-headed hydra
  9858 | D:12     | Noticed a yaktaur captain
  9885 | D:11     | Noticed a boulder beetle
  9916 | D:11     | Slain by a boulder beetle

Illustrated notes

Levels and vault maps discovered:
D:1:      wander_arrival_lonely_grave, layout_rooms,
          hangedman_abyss_or_decor_lesser_grid
D:2:      layout_basic, okawaru_ov_weapons_minmay, uniq_jessica, uniq_natasha
D:3:      layout_basic, lemuel_crystal_altar, lemuel_doored_altar, uniq_robin
D:4:      layout_gridville, nzn_hepliaklqana_mist_gate
D:5:      layout_loops_ring, grunt_ministairs_14, uniq_menkaure, uniq_eustachio,
          uniq_crazy_yiuf_cottage, uniq_pikel
D:6:      layout_gridville, nicolae_gozag_cash_rules_everything_around_me,
          minmay_temple_entry_hall, serial_shops, shop,
          hangedman_abyss_or_decor_jellyfish_corner
D:7:      layout_loops_ring, grunt_temple_overflow_growth_and_decay,
          serial_shops, nicolae_shop_stone, uniq_joseph, uniq_duvessa
D:8:      layout_cave_pools, amethyst_overflow_temple_binary,
          lemuel_round_altar, serial_shops, shop, kennysheep_mini_moat,
          shop_coins
D:9:      layout_loops_corners, kennysheep_mini,
          nemelex_xobeh_ov_fountains_minmay, lemuel_round_altar,
          nicolae_overflow_hidden_temple, lair_entry_dummy, david_orc_3
D:10:     layout_grid_maze
D:11:     layout_gridville, minivault_1, uniq_josephine, uniq_fannar
D:12:     layout_roguey, basic_altar, gauntlet_entry_generic, lightli_airlock
Temple:   compressed_dpeg_triangle_lava_temple
Lair:1:   layout_hall_layers, serial_bayou_pond_c, st_stairs_4,
          beast_lair_carwin_8, grunt_megastairs_4

Skill      XL: |  1  2  3  4  5  6  7  8  9 10 11 |
---------------+----------------------------------+-----
Unarmed Combat | 4 5 6 8 9 10 12 | 12.0
Throwing       | 4 5 7 8 |  8.0
Dodging        | 3 5 |  5.6
Fighting       | 4 5 |  5.0
Evocations     | 3 6 |  6.0
Stealth        | |  1.0

Action                   |  1- 3 |  4- 6 |  7- 9 | 10-12 || total
-------------------------+-------+-------+-------+-------++-------
Melee: Unarmed           |    74 |   130 |   236 |   268 ||   708
       Punch             |     1 |     3 |     8 |    18 ||    30
Throw: Boomerang         |       |       |       |    24 ||    24
Evoke: Wand              |       |       |       |     1 ||     1
  Use: Scroll            |       |       |    16 |     7 ||    23
       Potion            |       |       |       |     1 ||     1
 Stab: Sleeping          |     1 |     8 |     6 |     2 ||    17
Armor: Robe              |    26 |    47 |    59 |    80 ||   212
Dodge: Dodged            |    35 |    65 |   109 |   127 ||   336
